 Dungeon Crawl Stone Soup version 0.28-a0-803-g74956062c1 (webtiles) character file.

Game seed: 2171816417011678261

117393 lsdbvsl the Unseen (level 16, -1/79 HPs)
             Began as a Spriggan Enchanter on Nov 7, 2021.
             Was the Champion of Dithmenos.
             Slain by a nameless horror (13 damage)
             ... created by miscasting Monstrous Menagerie
             ... on level 1 of the Snake Pit.
             The game lasted 01:26:05 (31369 turns).

lsdbvsl the Unseen (Spriggan Enchanter)            Turns: 31369, Time: 01:26:05

Health: -1/79      AC: 14    Str:  9    XL:     16   Next: 23%
Magic:  7/36       EV: 25    Int: 25    God:    Dithmenos [******]
Gold:   4551       SH:  0    Dex: 19    Spells: 31/46 levels left

rFire   . . .      SeeInvis +   E - +6 quick blade (flame)
rCold   . . .      Faith    .   (shield restricted)
rNeg    . . .      Spirit   .   C - +4 steam dragon scales
rPois   .          Reflect  .   (helmet restricted)
rElec   +          Harm     .   T - +2 cloak {rCorr}
rCorr   +          Rampage  .   (gloves unavailable)
Will    +++..                   (boots unavailable) Stlth ****++++++
                                j - amulet of regeneration
HPRegen 1.23/turn               n - +6 ring of intelligence
MPRegen 0.25/turn               O - ring "Durelom" {+Blink Will+ Int+2 Dex+2}

@: lethally poisoned (-1 -> -1), very slightly contaminated, wreathed by umbra,
very quick
A: very small, no large weapons, unfitting armour, see invisible, speed 3,
iridescent scales 1, electricity resistance, MP-powered wands
a: Renounce Religion, Evoke Blink, Shadow Step, Shadow Form


You were on level 1 of the Snake Pit.
You worshipped Dithmenos.
Dithmenos was exalted by your worship.
You visited 5 branches of the dungeon, and saw 25 of its levels.
You also visited: Ossuary and Bailey.

You collected 6886 gold pieces.
You spent 2335 gold pieces at shops.

Inventory:

Hand Weapons
 d - a +9 dagger of venom
 E - a +6 quick blade of flaming (weapon)
Missiles
 t - 126 poisoned darts (quivered)
 v - 7 curare-tipped darts
 A - a throwing net
 Q - 6 atropa-tipped darts
Armour
 C - +4 steam dragon scales (worn)
 T - a +2 cloak of preservation (worn)
Jewellery
 j - an amulet of regeneration (around neck)
 n - a +6 ring of intelligence (left hand)
 s - a ring of ice
 y - an amulet of the acrobat
 N - a ring of poison resistance
 O - the ring "Durelom" (right hand) {+Blink Will+ Int+2 Dex+2}
   (You found it on level 3 of the Lair of Beasts)

   [ring of willpower]

   Int:       It affects your intelligence (+2).
   Dex:       It affects your dexterity (+2).
   +Blink:    It lets you blink.
   Will:      It increases your willpower.
 P - a ring of wizardry
Wands
 h - a wand of digging (11)
 p - a wand of iceblast (34)
 x - a wand of charming (19)
 B - a wand of mindburst (28)
 D - a wand of polymorph (9)
 K - a wand of paralysis (11)
 M - a wand of flame (5)
 S - a wand of acid (16)
Scrolls
 b - 3 scrolls of holy word
 c - 3 scrolls of amnesia
 f - 4 scrolls of magic mapping
 w - a scroll of teleportation
 I - 3 scrolls of summoning
 L - 3 scrolls of identify
Potions
 a - 4 potions of mutation
 e - 5 potions of ambrosia
 g - 7 potions of resistance
 i - 3 potions of lignification
 l - 3 potions of flight
 m - 11 potions of heal wounds
 o - 4 potions of haste
 q - a potion of attraction
 u - 19 potions of curing
 z - 2 potions of berserk rage
 F - 2 potions of cancellation
 G - 5 potions of brilliance
 H - 3 potions of might
Miscellaneous
 r - a condenser vane (inert)
 J - a tin of tremorstones (inert)


   Skills:
 - Level 6.6 Fighting
 - Level 8.9 Short Blades
 - Level 11.0 Dodging
 - Level 19.6 Stealth
 - Level 15.7 Spellcasting
 - Level 16.1 Hexes
 + Level 12.1 Summonings


You had 31 spell levels left.
You knew the following spells:

 Your Spells              Type           Power      Damage    Failure   Level
a - Ensorcelled Hibernat  Hex/Ice        100%       N/A       1%          2
b - Tukima's Dance        Hex            79%        N/A       0%          3
c - Dazzling Flash        Conj/Hex       100%       N/A       1%          3
d - Monstrous Menagerie   Summ           34%        N/A       16%         7

Your spell library contained the following spells:

 Spells                   Type           Power      Damage    Failure   Level
 Slow                     Hex            100%       N/A       0%          1
 Confusing Touch          Hex            79%        N/A       0%          3
 Call Imp                 Summ           69%        N/A       1%          2
 Portal Projectile        Hex/Tloc       100%       N/A       1%          3
 Fulminant Prism          Conj/Hex       28%        3d14      1%          4
 Summon Mana Viper        Hex/Summ       74%        N/A       1%          5
 Beastly Appendage        Tmut           38%        N/A       2%          1
 Magic Dart               Conj           76%        1d6       2%          1
 Sandblast                Erth           38%        2d10      2%          1
 Summon Ice Beast         Ice/Summ       50%        N/A       2%          4
 Summon Lightning Spire   Summ/Air       50%        N/A       2%          4
 Silence                  Hex/Air        28%        N/A       2%          5
 Yara's Violent Unravell  Hex/Tmut       28%        3d12      2%          5
 Passwall                 Tmut/Erth      15%        N/A       4%          2
 Wereblood                Tmut           19%        N/A       4%          2
 Conjure Flame            Conj/Fire      19%        6-21      9%          3
 Ignite Poison            Fire/Tmut/Pois 19%        N/A       9%          3
 Mephitic Cloud           Conj/Pois/Air  19%        N/A       9%          3
 Spider Form              Tmut/Pois      19%        N/A       9%          3
 Stone Arrow              Conj/Erth      38%        3d9       9%          3
 Ice Form                 Ice/Tmut       19%        N/A       26%         4
 Iskenderun's Mystic Bla  Conj/Tloc      19%        2d6       26%         4
 Passage of Golubria      Tloc           19%        N/A       26%         4
 Sticky Flame             Conj/Fire      19%        2d4       26%         4
 Blade Hands              Tmut           9%         N/A       58%         5
 Excruciating Wounds      Necr           9%         N/A       58%         5
 Lee's Rapid Deconstruct  Erth           9%         3d8*      58%         5
 Statue Form              Tmut/Erth      12%        N/A       99%         6
 Dragon Form              Tmut           9%         N/A       100%        7
 Storm Form               Tmut/Air       9%         N/A       100%        7
 Lehudib's Crystal Spear  Conj/Erth      9%         10d4      100%        8
 Maxwell's Capacitive Co  Air            9%         ∞         100%        8


Dungeon Overview and Level Annotations

Branches:
Dungeon (15/15)            Temple (1/1) D:4            Lair (6/6) D:11
 Shoals (0/4) Lair:3        Snake (1/4) Lair:2        Slime (0/5) Lair:5
    Orc (2/2) D:10            Elf (0/3) Orc:2        Vaults (0/5) D:14
 Depths (0/4) D:15        Ossuary (visited)          Bailey (visited)

Altars:
Ashenzari
Cheibriados
Dithmenos
Elyvilon
Gozag
Kikubaaqudgha
Ru
Sif Muna
Vehumet
Xom

Shops:
D:3 =   D:9 !   D:14 *   Orc:2 *=!!   Snake:1 *

Annotations:
D:11 2 transporters, Gargoyl's ghost, journeyman GnAK
Lair:1 3 runed translucent doors, Zigma's ghost, journeyman OpNe
Lair:5 2 transporters, Yneta's ghost, journeyman DrEE


Innate Abilities, Weirdness & Mutations

You are very small and have problems with some larger weapons.
You are too small for most types of armour.
You have supernaturally acute eyesight. (SInv)
You cover ground extremely quickly. (Speed+++)
You are partially covered in iridescent scales. (AC +2)
You are resistant to electric shocks. (rElec)
You expend magic power (3 MP) to strengthen your wands.


Message History

Unknown command.
The naga warrior blocks your attack.
Your shadow barely misses the naga warrior.
The naga warrior completely misses you. The naga warrior constricts you.
The naga barely misses you.
Unknown command.
The naga warrior blocks your attack.
The naga warrior blocks your shadow's attack.
You feel sick. The nameless horror hits you!
You emit a cloud of dark smoke.
You feel your power leaking away.
Unknown command.
You are too injured to fight recklessly!
Unknown command.
You are too injured to fight recklessly!
Unknown command.
You are too injured to fight recklessly!
Unknown command.
You are too injured to fight recklessly!
Unknown command.
Casting: Monstrous Menagerie (quite dangerous; 16% risk of failure)
Confirm with . or Enter, or press ? or * to list all spells.
Casting: Dazzling Flash (safe; 1% risk of failure)
Press: ? - help, Dir - look around, f - activate The naga is dazzled. x2; You feel sick.
The naga warrior loses its grip on you. The naga hits you with a +0 dire flail!
* * * LOW HITPOINT WARNING * * *
The naga completely misses you. The nameless horror closely misses you.
Unknown command.
Unknown command.
Casting: Dazzling Flash (safe; 1% risk of failure)
Confirm with . or Enter, or press ? or * to list all spells.
Casting: Dazzling Flash (safe; 1% risk of failure)
Press: ? - help, Dir - look around, f - activate The guardian serpent is dazzled.
The naga is dazzled.
The naga warrior is dazzled.
You feel sick. The naga closely misses you.
The guardian serpent hits you but does no damage.
The naga hits you with a +0 war axe!
* * * LOW HITPOINT WARNING * * *
The nameless horror hits you!
You die...

#... #..# ####
#######.#####...###
.....:......)......
#..§S........#
#...§.....####
#§§§N§....#
#§NSN.....#
#§§@X.....#
######.†########
.........≈≈.....
.######.≈≈≈≈####
#≈≈≈≈≈# ##≈≈≈≈# #.
#.≈≈## #. ##.## #.
#..# #.


You could see a naga warrior (blind), a nameless horror, a guardian serpent
(blind) and 2 nagas.

Vanquished Creatures
  Roxanne (D:15)
  Louise (D:14)
  An ironbound preserver (D:14)
  2 dire elephants (Lair:6)
  Snorg (Lair:4)
  A quicksilver dragon zombie (D:15)
  An ogre mage (D:11)
  A catoblepas (Lair:6)
  A naga warrior (Snake:1)
  Harold (D:8)
  9 hydras
  5 boulder beetles
  3 two-headed ogres
  9 centaur warriors
  9 death yaks (Lair:6)
  2 tengu warriors
  Urug (Lair:1)
  An alligator (Lair:6)
  A vampire mage (D:14)
  6 orc high priests (Orc:2)
  A skeletal warrior (D:15)
  A lindwurm (Lair:6)
  A necromancer (D:15)
  11 orc knights
  An orc sorcerer (Orc:1)
  3 deep elf pyromancers
  6 cyclopes
  A frost giant zombie (D:15)
  14 ugly things
  7 manticores
  2 salamanders (Snake:1)
  A fire giant zombie (D:15)
  8 elephants (Lair:6)
  11 black mambas
  3 merfolk sirens (Lair:3)
  A naga mage (Snake:1)
  6 torpor snails
  8 cane toads
  3 gargoyles
  A rime drake (Lair:6)
  A freezing wraith (D:14)
  5 komodo dragons
  A guardian mummy (D:14)
  A tengu conjurer (D:15)
  4 kobold demonologists
  A merfolk (Lair:3)
  5 trolls
  A hornet (D:9)
  10 polar bears
  A wolf spider simulacrum (D:15)
  A raiju (Lair:6)
  A raiju (shapeshifter) (D:15)
  22 blink frogs
  20 slime creatures
  6 dream sheep (Lair:6)
  An ettin skeleton (D:15)
  Sigmund (D:7)
  42 yaks
  2 vampires
  3 wyverns
  3 basilisks
  2 steam dragons (D:8)
  A vampire mosquito (D:11)
  3 swamp worms (Lair:1)
  Edmund (D:7)
  2 acid dragons (D:13)
  11 wargs
  14 hell hounds (Lair:6)
  22 water moccasins
  5 nagas (Snake:1)
  27 orc warriors
  A meliai simulacrum (D:11)
  13 black bears
  A sky beast (D:8)
  A hornet zombie (D:9)
  An ice beast (D:6)
  3 necrophages
  26 centaurs
  6 ogres
  29 wolves
  14 kobold brigands
  2 gnoll sergeants
  9 bullfrogs
  2 elf zombies (Ossuary)
  2 scorpions (D:5)
  14 killer bees (D:10)
  2 electric eels (Lair:6)
  A jelly (D:8)
  3 centaur zombies
  A human zombie (Ossuary)
  23 orc priests
  Crazy Yiuf (D:3)
  A gnoll shaman (D:4)
  4 iguanas
  22 orc wizards
  A hound zombie (Ossuary)
  3 hound skeletons
  5 mummies
  A howler monkey zombie (D:7)
  7 gnolls
  13 adders
  A shadow imp (D:5)
  3 adder zombies (Ossuary)
  A worm (D:2)
  2 dart slugs (D:2)
  56 orcs
  6 ball pythons
  6 bats
  11 endoplasms
  2 giant cockroaches
  12 goblins
  12 hobgoblins
  9 jackals
  3 quokkas (D:2)
  5 frilled lizards
  A goblin zombie (D:7)
  A hobgoblin zombie (Ossuary)
  A jackal zombie (Ossuary)
  22 kobolds
  A kobold zombie (Ossuary)
  2 orc zombies
  2 rats (D:1)
  A rat zombie (Ossuary)
739 creatures vanquished.

Vanquished Creatures (collateral kills)
  Rupert (Lair:4)
  An orc warlord (Orc:1)
  A two-headed ogre (D:13)
  Sonja (Orc:2)
  3 orc knights
  12 orc warriors
  2 wolves (Lair:4)
  A gnoll sergeant (D:9)
  3 wights (D:8)
  2 orc wizards
  8 gnolls
  38 orcs
  4 kobolds (D:8)
77 creatures vanquished.

Vanquished Creatures (others)
  19 dancing weapons
  An orc warrior (Bailey)
  A hornet zombie (D:8)
  2 centaurs (D:13)
  An orc wizard (D:15)
  3 orcs (D:15)
  10 fungi
  33 plants
  3 withered plants (D:15)
73 creatures vanquished.

Grand Total: 889 creatures vanquished

Notes
Turn   | Place    | Note
-------+----------+-------------------------------------------
     0 | D:1      | lsdbvsl the Spriggan Enchanter began the quest for the Orb.
     0 | D:1      | Reached XP level 1. HP: 9/9 MP: 5/5
   740 | D:1      | Reached XP level 2. HP: 12/13 MP: 7/7
   745 | D:1      | Learned a level 2 spell: Ensorcelled Hibernation
   950 | D:1      | Found a faded altar of an unknown god.
  1327 | D:1      | Gained mutation: You are resistant to electric shocks.
                  | (rElec) [potion of mutation]
  1327 | D:1      | Gained mutation: You are partially covered in iridescent
                  | scales. (AC +2) [potion of mutation]
  1327 | D:1      | Gained mutation: You expend magic power (3 MP) to
                  | strengthen your wands. [potion of mutation]
  1481 | D:1      | Reached XP level 3. HP: 16/16 MP: 9/9
  1485 | D:1      | Learned a level 3 spell: Tukima's Dance
  1489 | D:1      | Learned a level 3 spell: Dazzling Flash
  2159 | D:2      | Reached XP level 4. HP: 21/21 MP: 11/11
  2208 | D:2      | Reached skill level 5 in Hexes
  3050 | D:3      | Reached XP level 5. HP: 24/24 MP: 13/13
  3188 | D:3      | Found a shadowy altar of Dithmenos.
  3197 | D:3      | Became a worshipper of Dithmenos the Shadowed
  3213 | D:3      | Found Feuwn's Jewellery Shoppe.
  3343 | D:3      | Found a runed translucent door.
  3344 | D:3      | Noticed Crazy Yiuf
  3350 | D:3      | Killed Crazy Yiuf
  3351 | D:3      | Reached skill level 5 in Spellcasting
  3497 | D:3      | Reached skill level 5 in Stealth
  3589 | D:3      | Found an opulent altar of Gozag.
  3604 | D:3      | Found an ancient bone altar of Kikubaaqudgha.
  3828 | D:3      | Found a radiant altar of Vehumet.
  3843 | D:3      | Found a shimmering altar of Xom.
  4359 | D:4      | You fall into a shaft and drop 2 floors!
  4360 | D:6      | Noticed an ice beast
  4392 | D:5      | Entered Level 5 of the Dungeon
  4396 | D:5      | Reached XP level 6. HP: 28/28 MP: 13/15
  4488 | D:5      | Reached skill level 6 in Stealth
  4492 | D:5      | Reached * piety under Dithmenos
  4826 | D:5      | Noticed a water moccasin
  4833 | D:5      | Killed a water moccasin
  4834 | D:5      | Reached XP level 7. HP: 32/32 MP: 7/17
  4922 | D:5      | Reached skill level 7 in Stealth
  5033 | D:4      | Found a staircase to the Ecumenical Temple.
  5599 | Temple   | Entered the Ecumenical Temple
  5658 | D:5      | Reached skill level 8 in Stealth
  5793 | D:5      | Reached XP level 8. HP: 36/36 MP: 19/19
  6364 | D:6      | Reached skill level 9 in Stealth
  6722 | D:6      | Reached ** piety under Dithmenos
  6786 | D:6      | Reached skill level 10 in Stealth
  7303 | D:7      | Found a white marble altar of Elyvilon.
  7412 | D:7      | Reached XP level 9. HP: 30/39 MP: 22/22
  7588 | D:7      | Found a sand-covered staircase.
  7593 | Ossuary  | Entered an ossuary
  7771 | Ossuary  | Reached skill level 11 in Stealth
  8322 | D:7      | Found a sacrificial altar of Ru.
  8342 | D:7      | Noticed Edmund
  8347 | D:7      | Noticed Sigmund
  8358 | D:7      | Killed Edmund
  8360 | D:7      | Killed Sigmund
  8360 | D:7      | Reached *** piety under Dithmenos
  8361 | D:7      | Reached skill level 10 in Hexes
  8654 | D:8      | Noticed Harold
  8709 | D:8      | Killed Harold
  8710 | D:8      | Reached skill level 12 in Stealth
  8710 | D:8      | Reached skill level 10 in Spellcasting
  8987 | D:8      | Reached XP level 10. HP: 28/44 MP: 15/25
  9584 | D:9      | Found Kuezeij's Distillery.
  9592 | D:9      | Bought 2 potions of curing for 84 gold pieces
  9592 | D:9      | Bought a potion of curing for 42 gold pieces
  9592 | D:9      | Bought a potion of heal wounds for 70 gold pieces
  9592 | D:9      | Bought a potion of curing for 42 gold pieces
  9592 | D:9      | Bought 2 potions of curing for 84 gold pieces
  9592 | D:9      | Bought 2 potions of curing for 84 gold pieces
  9592 | D:9      | Bought a potion of degeneration for 14 gold pieces
  9644 | D:9      | Reached skill level 13 in Stealth
  9978 | D:9      | Reached **** piety under Dithmenos
 10213 | D:9      | Found a broken altar of Ashenzari.
 10239 | D:9      | Noticed a two-headed ogre
 10246 | D:9      | Killed a two-headed ogre
 10247 | D:9      | Reached skill level 14 in Stealth
 10567 | D:9      | Identified a scroll of acquirement
 10567 | D:9      | Acquired 1184 gold pieces
 10714 | D:10     | Entered Level 10 of the Dungeon
 11001 | D:10     | Found a shimmering blue altar of Sif Muna.
 11390 | D:10     | Reached XP level 11. HP: 36/47 MP: 23/28
 11482 | D:10     | Found a staircase to the Orcish Mines.
 11541 | D:10     | Reached skill level 15 in Stealth
 11702 | D:11     | Noticed a boulder beetle
 11738 | D:11     | Noticed a purple ugly thing
 11738 | D:11     | Noticed a deep elf pyromancer
 11738 | D:11     | Noticed a deep elf pyromancer
 11776 | D:11     | Found a flagged portal.
 11786 | Bailey   | Entered a bailey
 11948 | Bailey   | Reached ***** piety under Dithmenos
 12084 | Bailey   | Acquired 1136 gold pieces
 12098 | Bailey   | Noticed an orc knight
 12158 | Bailey   | Killed an orc knight
 12397 | Bailey   | Noticed an orc knight
 12397 | Bailey   | Noticed an orc knight
 12404 | Bailey   | Noticed an orc knight
 12410 | Bailey   | Killed an orc knight
 12413 | Bailey   | Killed an orc knight
 12440 | Bailey   | Killed an orc knight
 12579 | Bailey   | Acquired 400 gold pieces
 12677 | D:11     | Killed a purple ugly thing
 12713 | D:11     | Found a transporter.
 12719 | D:11     | Noticed Gargoyl's ghost (journeyman GnAK)
 12735 | D:11     | Found a transporter.
 12764 | D:11     | Killed a deep elf pyromancer
 13038 | D:11     | Reached skill level 1 in Fighting
 13038 | D:11     | Reached skill level 16 in Stealth
 13158 | D:11     | Killed a deep elf pyromancer
 13433 | D:11     | Noticed a boulder beetle
 13440 | D:11     | Killed a boulder beetle
 13635 | D:11     | Reached XP level 12. HP: 56/56 MP: 30/30
 13654 | D:11     | Noticed a centaur warrior
 13671 | D:11     | Killed a centaur warrior
 13672 | D:11     | Reached skill level 5 in Dodging
 13873 | D:11     | Found a staircase to the Lair.
 14014 | D:11     | Killed a boulder beetle
 14124 | D:11     | Noticed an ogre mage
 14132 | D:11     | Killed an ogre mage
 14200 | D:11     | Noticed a centaur warrior
 14207 | D:11     | Killed a centaur warrior
 14454 | D:12     | Acquired a +4 quick blade
 14475 | D:12     | Noticed a two-headed ogre
 14477 | D:12     | Killed a two-headed ogre
 14556 | D:12     | Reached skill level 17 in Stealth
 14960 | D:12     | Reached skill level 5 in Short Blades
 15081 | D:12     | Noticed a boulder beetle
 15088 | D:12     | Killed a boulder beetle
 15223 | D:13     | Noticed a centaur warrior
 15236 | D:13     | Killed a centaur warrior
 15479 | D:13     | Noticed a centaur warrior
 15508 | D:13     | Killed a centaur warrior
 15509 | D:13     | Reached XP level 13. HP: 62/62 MP: 26/32
 16263 | D:14     | Reached ****** piety under Dithmenos
 16327 | D:14     | Reached skill level 18 in Stealth
 16420 | D:14     | Reached skill level 5 in Fighting
 16426 | D:14     | Reached skill level 15 in Hexes
 16627 | D:14     | Noticed Louise
 16629 | D:14     | Killed Louise
 16666 | D:14     | Found Livury's Elemental Accessories.
 16862 | D:14     | Found a gate to the Vaults.
 16862 | D:14     | Noticed an ironbound preserver
 16881 | D:14     | Killed an ironbound preserver
 17270 | D:14     | Identified the +6 whip of Rituewyng {vorpal, rC+}
 17453 | D:14     | Reached skill level 15 in Spellcasting
 17760 | Lair:1   | Entered Level 1 of the Lair of Beasts
 17811 | Lair:1   | Found a runed translucent gate.
 17811 | Lair:1   | Found a runed translucent gate.
 17811 | Lair:1   | Found a runed translucent gate.
 18277 | Lair:1   | Noticed Zigma's ghost (journeyman OpNe)
 18297 | Lair:1   | Noticed Urug
 18332 | Lair:1   | Killed Urug
 18333 | Lair:1   | Reached XP level 14. HP: 69/69 MP: 29/34
 19071 | Lair:2   | Reached skill level 10 in Dodging
 19243 | Lair:2   | Reached skill level 19 in Stealth
 19333 | Lair:2   | Found a staircase to the Snake Pit.
 19628 | Lair:2   | Found a snail-covered altar of Cheibriados.
 20096 | Lair:3   | Identified the ring "Durelom" {+Blink Will+ Int+2 Dex+2}
 20270 | Lair:3   | Found a staircase to the Shoals.
 20452 | Lair:3   | Identified the +2 scale mail of Qizuosat {rElec Dex+2}
 20532 | Lair:3   | Acquired 845 gold pieces
 21544 | Lair:4   | Noticed Snorg
 21552 | Lair:4   | Killed Snorg
 21714 | Lair:4   | Noticed Rupert
 21727 | Lair:4   | Killed Rupert
 22200 | Lair:5   | Learned a level 7 spell: Monstrous Menagerie
 22205 | Lair:5   | Found a staircase to the Slime Pits.
 22303 | Lair:5   | Found a transporter.
 22304 | Lair:5   | Found a transporter.
 22359 | Lair:5   | Noticed Yneta's ghost (journeyman DrEE)
 22377 | Lair:5   | Reached skill level 1 in Summonings
 22830 | Lair:6   | Entered Level 6 of the Lair of Beasts
 23506 | Lair:6   | Reached skill level 5 in Summonings
 23506 | Lair:6   | Reached XP level 15. HP: 74/74 MP: 33/35
 25862 | Lair:6   | Identified the +5 spear of the Tent {flame, Fragile rF+
                  | Str+4}
 26024 | Orc:1    | Entered Level 1 of the Orcish Mines
 26707 | Orc:2    | Entered Level 2 of the Orcish Mines
 26707 | Orc:2    | Noticed an orc warlord
 26852 | Orc:2    | Noticed Sonja
 26866 | Orc:2    | Killed Sonja
 26954 | Orc:2    | Found a staircase to the Elven Halls.
 27244 | Orc:1    | Killed an orc warlord
 27245 | Orc:1    | Reached skill level 10 in Summonings
 29063 | Orc:2    | Found Himazec's Distillery.
 29064 | Orc:2    | Found Meshro's Jewellery Shop.
 29064 | Orc:2    | Found Kiduuf's Assorted Antiques.
 29065 | Orc:2    | Found Jeweucw's Distillery.
 29081 | Orc:2    | Bought a potion of curing for 42 gold pieces
 29081 | Orc:2    | Bought a potion of resistance for 140 gold pieces
 29081 | Orc:2    | Bought a potion of might for 56 gold pieces
 29081 | Orc:2    | Bought a potion of ambrosia for 112 gold pieces
 29081 | Orc:2    | Bought 2 potions of heal wounds for 140 gold pieces
 29081 | Orc:2    | Bought a potion of brilliance for 56 gold pieces
 29081 | Orc:2    | Bought a potion of heal wounds for 70 gold pieces
 29083 | Orc:2    | Bought a wand of acid (7) for 240 gold pieces
 29083 | Orc:2    | Bought a potion of curing for 90 gold pieces
 29083 | Orc:2    | Bought a potion of mutation for 240 gold pieces
 29083 | Orc:2    | Bought a runed cloak for 225 gold pieces
 29100 | Orc:2    | Bought 2 potions of curing for 84 gold pieces
 29100 | Orc:2    | Bought a potion of heal wounds for 70 gold pieces
 29100 | Orc:2    | Bought a potion of invisibility for 112 gold pieces
 29100 | Orc:2    | Bought a potion of ambrosia for 112 gold pieces
 29100 | Orc:2    | Bought a potion of heal wounds for 70 gold pieces
 29100 | Orc:2    | Bought a potion of brilliance for 56 gold pieces
 29237 | D:15     | Entered Level 15 of the Dungeon
 29237 | D:15     | Identified Roxanne's Catalogue of Transmutation
 29237 | D:15     | Noticed Roxanne
 29311 | D:15     | Found a staircase to the Depths.
 29313 | D:15     | Reached XP level 16. HP: 75/79 MP: 31/36
 30718 | D:15     | Killed Roxanne
 30925 | Snake:1  | Entered Level 1 of the Snake Pit
 31034 | Snake:1  | Found Hazeimeh's Neck Hole.
 31369 | Snake:1  | Slain by a nameless horror

Illustrated notes

Levels and vault maps discovered:
D:1:      matt_arrival_refuge, layout_loops_ring,
          shapermc_ecumenical_altar_pompeii, chequers_hall_statues_corner_a,
          solitary_fountain
D:2:      kennysheep_big_flooded_room, layout_loops_cross, serial_rivers,
          chequers_serial_rivers_room_a, chequers_serial_rivers_micro_b,
          chequers_serial_rivers_large_a, chequers_serial_rivers_large_b,
          minivault_24, minivault_26
D:3:      layout_loops_ring, nicolae_overflow_quartered_altars,
          nicolae_dithmenos_the_darkroom, serial_shops,
          nicolae_shop_window_shopping, minmay_hedge_maze, eino_tiny_chamber,
          uniq_crazy_yiuf_cottage
D:4:      layout_basic, minmay_temple_entry_drinking_statues, minmay_between
D:5:      layout_basic, grunt_ministairs_14
D:6:      minmay_flawed_box, layout_basic, minmay_misc_feat_rows, kennysheep_nub
D:7:      layout_rooms, mainiacjoe_overflow_brackets, nicolae_ru_path_of_blood,
          nicolae_ossuary_entry_giza, sigmund_edmund_badplayer
D:8:      layout_basic, uniq_harold
D:9:      layout_basic, ashenzari_conservatory_becter, special_room
          [special_room_kobold], serial_shops, shop
D:10:     layout_rooms, mainiacjoe_overflow_24_doors, orc_0_dummy
D:11:     minmay_inside_and_out, layout_rooms, lair_entry_dummy, enter_bailey_3,
          gammafunk_ghost_berserking_beasts
D:12:     layout_loops_cross
D:13:     layout_long_grid
D:14:     layout_loops_ring, skrybe_vaults_entry_preservation,
          corexii_leaking_fountain, nicolae_elemental_shop, uniq_louise
D:15:     gammafunk_depths_entry_grave, layout_cross, chequers_mini_garden,
          lemuel_nasty_fountain, uniq_roxanne
Temple:   nicolae_temple_figure_eight
Lair:1:   layout_small_grid, gammafunk_ghost_icy, worms_lemuel, uniq_urug
Lair:2:   layout_small_grid, minmay_snake_entry_six_corridors,
          kennysheep_snail_temple, infiniplex_staircase_pool,
          lemuel_fruit_fields
Lair:3:   layout_hall_layers, elwin_shoals_entry_stream
Lair:4:   layout_loops_ring, infiniplex_staircase_pool_2, uniq_snorg,
          uniq_rupert
Lair:5:   layout_regular_city, dpeg_slime_entry_corner, nzn_ghost_randoct
Lair:6:   hangedman_lair_in_review, layout_gridlike,
          hangedman_lair_caniforms_friends, chequers_serial_rivers_micro_a
Snake:1:  layout_basic, special_room, nicolae_shop_sticking_my_neck_out,
          serial_bayou_shore_b, lemuel_fruit_tree
Orc:1:    layout_caves
Orc:2:    st_orc_pillars, layout_caves, uniq_sonja

Skill      XL: |  1  2  3  4  5  6  7  8  9 10 11 12 13 14 15 16 |
---------------+-------------------------------------------------+-----
Spellcasting   | 3 4 5 6 7 8 10 12 13 14 15 | 15.7
Hexes          | 4 5 6 7 9 10 12 13 14 15 16 | 16.1
Stealth        | 5 6 8 10 12 14 16 17 18 19 | 19.6
Dodging        | 4 7 9 11 | 11.0
Fighting       | 2 4 5 6 |  6.6
Short Blades   | 3 5 7 8 |  8.9
Summonings     | 5 11 12 | 12.1

Action                   |  1- 3 |  4- 6 |  7- 9 | 10-12 | 13-15 | 16-18 || total
-------------------------+-------+-------+-------+-------+-------+-------++-------
Melee: Dagger            |    90 |   138 |   279 |   311 |       |       ||   818
       Unarmed           |       |       |       |     2 |       |       ||     2
       Quick blade       |       |       |       |    48 |  2321 |   323 ||  2692
Throw: Dart              |       |       |       |     3 |       |       ||     3
       Throwing net      |       |       |       |     1 |       |       ||     1
 Cast: Ensorcelled Hiber |    12 |    20 |    29 |    83 |   220 |    29 ||   393
       Tukima's Dance    |       |     1 |    24 |    39 |    51 |     5 ||   120
       Dazzling Flash    |       |       |     3 |     1 |    35 |     2 ||    41
       Monstrous Menager |       |       |       |       |       |     1 ||     1
Invok: Shadow Step       |       |       |       |       |     5 |     1 ||     6
Evoke: Wand              |       |       |     2 |    13 |    32 |     9 ||    56
       Condenser vane    |       |       |       |     1 |     2 |     1 ||     4
       Tin of tremorston |       |       |       |       |     6 |       ||     6
  Use: Scroll            |     5 |     4 |    10 |    20 |    12 |     2 ||    53
       Potion            |     1 |       |     1 |    12 |     1 |     5 ||    20
 Stab: Sleeping          |    14 |    22 |    35 |    80 |   202 |    16 ||   369
       Distracted        |     1 |       |     1 |       |    21 |     2 ||    25
       Invisible         |       |       |     4 |     9 |    38 |     5 ||    56
       Paralysed         |       |       |       |     2 |     1 |       ||     3
       Confused          |       |       |       |       |     3 |       ||     3
Armor: Robe              |    13 |     7 |    52 |       |       |       ||    72
       Steam dragon scal |       |       |       |   110 |   232 |    39 ||   381
Dodge: Dodged            |    69 |    90 |   272 |   414 |  1367 |   206 ||  2418

Table legend: (Time is in decaauts)
 A = Elapsed time spent in this place.
 B = Non-inter-level travel time spent in this place.
 C = Inter-level travel time spent in this place.
 D = Time resting spent in this place.
 E = Time spent auto-exploring this place.
 F = Levels seen in this place.
 G = Mean time per level.
                   A        B        C        D        E       F      G
               +--------+--------+--------+--------+--------+-----+--------+
         Total |  22591 |  21761 |    830 |   3988 |  12388 |  27 |  836.7 |
       Dungeon |  14125 |  13574 |    551 |   2687 |   8031 |  15 |  941.7 |
        Temple |      1 |      1 |      0 |      0 |      0 |   1 |    1.0 |
          Lair |   5105 |   4902 |    203 |    472 |   2993 |   6 |  850.8 |
     Snake Pit |    327 |    327 |      0 |    130 |     82 |   1 |  327.0 |
  Orcish Mines |   2021 |   1948 |     73 |    409 |    880 |   2 | 1010.5 |
       Ossuary |    256 |    256 |      0 |      0 |    140 |   1 |  256.0 |
        Bailey |    752 |    752 |      0 |    288 |    259 |   1 |  752.0 |
               +--------+--------+--------+--------+--------+-----+--------+

Top non-repeatable levels by time:
  Lair:6: 1757 daAuts
   Orc:2: 1416 daAuts
    D:14: 1389 daAuts
     D:2: 1314 daAuts
    D:10: 1270 daAuts
    D:11: 1253 daAuts
     D:1: 1106 daAuts
     D:6: 947 daAuts
     D:7: 916 daAuts
     D:9: 915 daAuts
  Lair:3: 864 daAuts
     D:5: 832 daAuts
    D:15: 776 daAuts
    D:13: 771 daAuts
  Lair:1: 768 daAuts
